 Dungeon Crawl Stone Soup version 0.31.0-32-g396128a36d (webtiles) character file.

Game seed: 12003760690774700468

63 belegose the Trooper (level 4, -2/37 HPs)
             Began as a Formicid Monk on Apr 25, 2024.
             Slain by a gnoll
             ... wielding a +4 flail
              (11 damage)
             ... on level 1 of the Dungeon.
             The game lasted 00:04:08 (1119 turns).

belegose the Trooper (Formicid Monk)                Turns: 1119, Time: 00:04:09

Health: -2/37      AC:  2    Str: 18    XL:     4   Next: 31%
Magic:  4/4        EV: 13    Int:  9    God:
Gold:   65         SH:  0    Dex: 16    Spells: 3/3 levels left

rFire   . . .        a - +0 falchion
rCold   . . .        d - orb {light}
rNeg    . . .        k - +0 robe
rPois   .            (helmet unavailable)
rElec   .            (no cloak)
rCorr   .            (no gloves)
SInv    +            (no boots)
Will    .....        (no amulet)
Stlth   +            n - ring of wizardry
HPRegen 0.26/turn    (no ring)
MPRegen 0.09/turn

%: wizardry (x1)
@: confused, ambrosia-drunk, glowing
A: permanent stasis, dig shafts and tunnels, antennae 3, four strong arms
a: Dig, Shaft Self


You were on level 1 of the Dungeon.
You visited 1 branch of the dungeon, and saw 2 of its levels.

You collected 65 gold pieces.

Inventory:

Hand Weapons
 a - a +0 falchion (weapon)
 b - a +0 sling
 r - a +0 trident
Missiles
 h - 17 stones
 q - 6 curare-tipped darts
Armour
 d - an orb of light (worn)
 k - a +0 robe (worn)
Jewellery
 n - a ring of wizardry (left hand)
Scrolls
 e - a scroll of poison {unknown}
 f - a scroll of enchant weapon {unknown}
 g - a scroll of revelation {unknown}
 i - a scroll of immolation {unknown}
 l - a scroll of fog {unknown}
 o - a scroll of noise {unknown}
 s - a scroll of identify {unknown}
Potions
 j - a potion of berserk rage {unknown}
 m - a potion of brilliance {unknown}
 p - 2 potions of curing {unknown}


   Skills:
 + Level 4.1 Fighting
 + Level 3.6 Long Blades
 + Level 3.3 Dodging


You had 3 spell levels left.
You didn't know any spells.
Your spell library contained the following spells:

 Spells                   Type           Power      Damage    Failure   Level
 Call Canine Familiar     Summ           0%         N/A       43%         3
 Sigil of Binding         Hex            0%         N/A       43%         3
 Dimensional Bullseye     Hex/Tloc       0%         N/A       82%         4


Dungeon Overview and Level Annotations

Branches:
Dungeon (2/15)

Altars:


Innate Abilities, Weirdness & Mutations

You cannot be hasted, slowed, berserked, paralysed or teleported.
You can dig through walls and to a lower floor.
You have a pair of large antennae on your head. (SInv)
Your four strong arms can wield two-handed weapons with a shield.


Message History

The gnoll is lightly wounded.
The gnoll closely misses you.
You slash the gnoll!
The gnoll is almost dead.
The gnoll misses you.
You barely miss the gnoll.
The gnoll is almost dead.
The gnoll hits you with a +0 flail.
You hit the gnoll but do no damage.
The gnoll is almost dead.
The gnoll misses you.
You hit the gnoll.
You kill the gnoll!
Things that are here:
a +0 flail; a gnoll corpse Search for what [? for help]? mail
There is a stone staircase leading down, spattered with blood here.
You climb downwards.
The gnoll shouts!
The gnoll hits you with a +4 flail!
There is a stone staircase leading up here.
The gnoll attacks as it pursues you! The gnoll hits you with a +4 flail!
There is an escape hatch in the floor here.
There is a stone staircase leading down here.
The gnoll barely misses you.
Things that are here:
a +0 dagger; a hobgoblin corpse The gnoll attacks as it pursues you!
The gnoll closely misses you.
Things that are here:
a jackal corpse; a hobgoblin corpse The gnoll attacks as it pursues you!
The gnoll hits you with a +4 flail!
* * * LOW HITPOINT WARNING * * *
The gnoll attacks as it pursues you! The gnoll completely misses you.
The gnoll attacks as it pursues you! The gnoll barely misses you.
There is a stone staircase leading up here.
You climb upwards.
There is a stone staircase leading down, spattered with blood here.
You are confused.
You feel invigorated. The gnoll hits you with a +4 flail!
You die...

#.# #......#####
#.###..........#
#...........##.####
####........#......
#######............###
#.....#...............
#.###.######.#.#....##
#.##.).......#........
#.##.@.............#.#
##.##.g.....#..........
##########.............#.....##.
#........#..###.....>###+##..#..
#........'..# #..............#.≈
#.....^..#..###[####...........≈
#........#.......#.)............
#........######..#.#........≈≈≈≈
#........######..#.#........≈...


You could see a gnoll.

Vanquished Creatures
  2 gnolls (D:1)
  2 dart slugs
  A ribbon worm (D:2)
  A bat (D:1)
  An endoplasm (D:1)
  7 goblins
  5 hobgoblins
  2 jackals (D:2)
  2 quokkas (D:1)
  5 ball pythons
  2 frilled lizards (D:1)
  4 kobolds
  3 rats
37 creatures vanquished.

Notes
Turn   | Place    | Note
-------+----------+-------------------------------------------
     0 | D:1      | belegose the Formicid Monk began the quest for the Orb.
     0 | D:1      | Reached XP level 1. HP: 18/18 MP: 1/1
    82 | D:1      | Reached XP level 2. HP: 24/24 MP: 2/2
   408 | D:1      | Reached XP level 3. HP: 22/30 MP: 3/3
   451 | D:1      | Found a faded altar of an unknown god.
   983 | D:2      | Reached skill level 4 in Fighting
   985 | D:2      | Reached XP level 4. HP: 35/37 MP: 4/4
  1119 | D:1      | Slain by a gnoll

Illustrated notes

Levels and vault maps discovered:
D:1:      ebering_hopf_link, layout_basic, chequers_ecumenical_altar_island
D:2:      layout_basic, serial_shops, nicolae_shop_advertising_works
          [nicolae_subvault_shop_adworks], kennysheep_minor_cross

Skill      XL: |  1  2  3 |
---------------+----------+-----
Dodging        | 3 |  3.3
Fighting       | 4 |  4.1
Long Blades    | |  3.6

Action                     |  1- 3 |  4- 6 || total
---------------------------+-------+-------++-------
  Melee: Falchion          |    49 |     5 ||    54
   Fire: Sling             |    39 |    11 ||    50
    Use: Potion            |       |     1 ||     1
 Armour: Robe              |    33 |     8 ||    41
  Dodge: Dodged            |    39 |    10 ||    49
